 Dungeon Crawl Stone Soup version 0.31-a0-986-g5e6e4ef867 (webtiles) character file.

Game seed: 17924311272116687569

90 LeprechaunX the Changeling (level 4, -1/29 HPs)
             Began as an Octopode Shapeshifter on Nov 21, 2023.
             Slain by an orc wizard
             ... wielding a +0 dagger
              (3 damage)
             ... on level 3 of the Dungeon.
             The game lasted 00:02:18 (1662 turns).

LeprechaunX the Changeling (Octopode Shapeshifter)  Turns: 1662, Time: 00:02:19

Health: -1/29      AC:  1    Str: 13    XL:     4   Next: 56%
Magic:  4/4        EV: 13    Int: 12    God:
Gold:   160        SH:  0    Dex: 13    Spells: 3/3 levels left

rFire   . .          .
                       - Unarmed
rCold   . . .        (no shield)
rNeg    . . .        (helmet currently unavailable)
rPois   .            (no amulet)
rElec   .            (no ring)
rCorr   .            (no ring)
SInv    .            (no ring)
Will    .....        (no ring)
Stlth   ++           (no ring)
HPRegen 0.24/turn    (no ring)
MPRegen 0.09/turn    (no ring)
                     (no ring)

%: no passive effects
@: beast-form
A: beast (slay +2), almost no armour, amphibious, 8 rings, camouflage 1,
gelatinous body 1, (nimble swimmer 1), tentacles
a: Begin Untransformation


You were on level 3 of the Dungeon.
You were a hulking beast.
You visited 1 branch of the dungeon, and saw 3 of its levels.

You collected 160 gold pieces.

Inventory:

Hand Weapons
 a - a +0 sling
Talismans
 b - a beast talisman
 c - a flux talisman
 m - a maw talisman
Scrolls
 d - a scroll of fear {unknown}
 g - a scroll of identify {unknown}
 h - a scroll of immolation {unknown}
 j - a scroll of enchant weapon {unknown}
 l - a scroll of blinking {unknown}
 n - a scroll of noise {unknown}
Potions
 e - 3 potions of lignification
 f - a potion of curing {unknown}
 i - 2 potions of enlightenment {unknown}
 k - a potion of resistance {unknown}


   Skills:
 + Level 2.2 Fighting
 - Level 2.0 Dodging
 + Level 3.6 Unarmed Combat
 * Level 4.0 Shapeshifting


You had 3 spell levels left.
You didn't know any spells.
Your spell library contained the following spells:

 Spells                   Type           Power      Damage    Failure   Level
 Apportation              Tloc           0%         N/A       32%         1
 Jinxbite                 Hex            0%         N/A       45%         2
 Scorch                   Fire           0%         2d5       45%         2
 Flame Wave               Conj/Fire      0%         2d4       97%         4
 Alistair's Intoxication  Tmut/Pois      0%         N/A       100%        5
 Summon Cactus Giant      Summ           0%         N/A       100%        6


Dungeon Overview and Level Annotations

Branches:
Dungeon (3/15)

Altars:
Elyvilon


Innate Abilities, Weirdness & Mutations

You are a hulking beast.
Your limbs bulge with bestial killing power. (Slay +2)
You cannot wear most types of armour.
You are amphibious.
You can wear up to eight rings at the same time.
Your skin changes colour to match your surroundings (Stealth+).
Your rubbery body absorbs attacks. (AC +1, EV +1)
((You are camouflaged when in or above water. (Stealth+)))
You have tentacles for arms and can constrict up to eight enemies at once.


Message History

The orc wizard is moderately wounded.
You constrict the orc wizard, but do no damage.
The orc wizard closely misses you.
You tentacle-slap the orc wizard.
The orc wizard is heavily wounded.
You constrict the orc wizard, but do no damage.
The orc wizard hits you with a +0 dagger. x2
You closely miss the orc wizard. Your grab misses the orc wizard.
You constrict the orc wizard.
The orc wizard hits you with a +0 dagger.
You closely miss the orc wizard. You grab the orc wizard.
You squeeze the orc wizard.
The orc wizard is lightly wounded.
You constrict the orc wizard.
You kill the orc wizard!
You constrict the orc wizard, but do no damage.
The orc wizard casts a spell at you. You resist with some effort.
The orc hits you with a +0 whip.
Your Shapeshifting skill increases to level 4!
You tentacle-slap the orc. You grab the orc.
The orc is severely wounded.
You constrict the orc.
You constrict the orc wizard, but do no damage.
The orc wizard gestures wildly while chanting.
The orc wizard flickers and vanishes!
Deactivating autopickup; reactivate with Ctrl-A.
The orc hits you with a +0 whip. The orc hits you with a +0 club.
* * * LOW HITPOINT WARNING * * *
You tentacle-slap something. You constrict the orc.
You kill the orc!
You constrict something. Something hits you.
* * * LOW HITPOINT WARNING * * *
The orc barely misses you.
You barely miss something. You constrict something. Something hits you.
* * * LOW HITPOINT WARNING * * *
The orc barely misses you.
You tentacle-slap the orc. Your grab misses the orc.
The orc is lightly wounded.
You constrict something. Something hits you.
You die...

.......)##........'.##
#.#
.......⌠..⌠.......###
#)#
..(...............#
#.#
..................#
#.#
#................##
..# ##..............#
... ##............##
##..........##
##...{h...##
####o)#### #...# #.###
#. .. ##


You could see an orc.

Vanquished Creatures
  An orc wizard (D:3)
  A worm (D:2)
  A dart slug (D:2)
  2 orcs (D:3)
  An endoplasm (D:1)
  7 hobgoblins
  8 jackals (D:1)
  2 kobolds (D:1)
  4 quokkas
  7 ball pythons
  3 bats
  4 frilled lizards
  8 goblins
  5 rats
54 creatures vanquished.

Notes
Turn   | Place    | Note
-------+----------+-------------------------------------------
     0 | D:1      | LeprechaunX the Octopode Shapeshifter began the quest for
                  | the Orb.
     0 | D:1      | Reached XP level 1. HP: 13/13 MP: 1/1
   157 | D:1      | Reached XP level 2. HP: 12/18 MP: 2/2
   514 | D:1      | Reached XP level 3. HP: 17/23 MP: 3/3
  1263 | D:2      | Found a white marble altar of Elyvilon.
  1509 | D:3      | Reached XP level 4. HP: 14/29 MP: 4/4
  1659 | D:3      | Reached skill level 4 in Shapeshifting
  1662 | D:3      | Slain by an orc wizard

Illustrated notes

Levels and vault maps discovered:
D:1:      dpeg_arrival_rooms_with_view, layout_basic
D:2:      layout_basic, basic_altar
D:3:      kennysheep_big_flooded_room, layout_loops_ring,
          basic_ecumenical_altar, minmay_quadrilaterals, uniq_robin

Skill      XL: |  1  2  3  4 |
---------------+-------------+-----
Fighting       | 2 |  2.2
Shapeshifting  | 4 |  4.0
Dodging        | |  2.0
Unarmed Combat | |  3.6

Action                     |  1- 3 |  4- 6 || total
---------------------------+-------+-------++-------
  Melee: Unarmed           |    80 |    13 ||    93
         Constrict         |    19 |     4 ||    23
         Tentacles         |    15 |     1 ||    16
         Punch             |     2 |       ||     2
   Fire: Sling             |       |     5 ||     5
   Stab: Sleeping          |     6 |       ||     6
 Armour: Skin              |    27 |    12 ||    39
  Dodge: Dodged            |    42 |     4 ||    46

Table legend: (Time is in decaauts)
 A = Elapsed time spent in this place.
 B = Non-inter-level travel time spent in this place.
 C = Inter-level travel time spent in this place.
 D = Time resting spent in this place.
 E = Time spent auto-exploring this place.
 F = Levels seen in this place.
 G = Mean time per level.
                   A        B        C        D        E       F      G
               +--------+--------+--------+--------+--------+-----+--------+
         Total |   1656 |   1596 |     60 |      0 |   1295 |   3 |  552.0 |
       Dungeon |   1656 |   1596 |     60 |      0 |   1295 |   3 |  552.0 |
               +--------+--------+--------+--------+--------+-----+--------+

Top non-repeatable levels by time:
     D:1: 823 daAuts
     D:2: 663 daAuts
     D:3: 169 daAuts
